 Dungeon Crawl Stone Soup version 0.30.1-11-g7821555f0a (webtiles) character file.

Game seed: 13212764553154642749

3347 Glitchless the Grappler (level 9, -4/79 (85) HPs)
             Began as a Troll Berserker on Dec 5, 2023.
             Was an Elder of Trog.
             Slain by a water moccasin (5 damage)
             ... on level 7 of the Dungeon.
             The game lasted 00:15:53 (4528 turns).

Glitchless the Grappler (Troll Berserker)           Turns: 4528, Time: 00:15:54

HP:   -4/79 (85)    AC:  7    Str: 27    XL:     9   Next: 72%
MP:   8/8           EV: 12    Int:  3    God:    Trog [****..]
Gold: 475           SH:  0    Dex: 13    Spells: 8/8 levels left

rFire   + .          .
                       - Unarmed
rCold   + . .        (no shield)
rNeg    . . .        C - +2 robe
rPois   +            (helmet restricted)
rElec   +            p - +0 cloak
rCorr   +            (gloves unavailable)
SInv    .            (boots unavailable)
Will    ++...        a - amulet of regeneration
Stlth   +            (no ring)
HPRegen 2.93/turn    (no ring)
MPRegen 0.11/turn

%: no passive effects
@: resistant, strong-willed (expiring), on berserk cooldown, regenerating
(expiring), slowed, drained, very slow
A: large, unfitting armour, claws 3, regeneration 1, shaggy fur 1, tough skin 1
a: Renounce Religion, Berserk, Trog's Hand, Brothers in Arms


You were on level 7 of the Dungeon.
You worshipped Trog.
Trog was greatly pleased with you.
You visited 1 branch of the dungeon, and saw 7 of its levels.

You collected 475 gold pieces.

Inventory:

Hand Weapons
 m - a +5 whip
Missiles
 f - 19 poisoned darts (quivered)
 s - 4 silver javelins
 A - 3 atropa-tipped darts
Armour
 p - a +0 cloak (worn)
 C - a +2 robe (worn)
Jewellery
 a - an amulet of regeneration (around neck)
Wands
 D - a wand of flame (21)
 E - a wand of charming (21)
Scrolls
 c - 6 scrolls of teleportation {unknown}
 d - a scroll of silence {unknown}
 e - 2 scrolls of blinking {unknown}
 i - a scroll of butterflies {unknown}
 j - 4 scrolls of magic mapping {unknown}
 n - 2 scrolls of vulnerability {unknown}
 r - 6 scrolls of identify {unknown}
 u - a scroll of enchant armour {unknown}
 v - 3 scrolls of brand weapon {unknown}
 y - a scroll of amnesia {unknown}
 B - a scroll of enchant weapon {unknown}
 F - 2 scrolls of poison {unknown}
Potions
 b - 2 potions of mutation {unknown}
 g - 3 potions of heal wounds {unknown}
 h - 2 potions of haste {unknown}
 k - a potion of ambrosia {unknown}
 o - 3 potions of curing
 q - 3 potions of flight {unknown}
 t - a potion of cancellation {unknown}
 w - 2 potions of berserk rage {unknown}
 x - a potion of attraction {unknown}
 z - a potion of might {unknown}


   Skills:
 * Level 4.3 Fighting
 * Level 3.4 Throwing
 * Level 3.0 Armour
 * Level 5.8 Dodging
 * Level 10.5 Unarmed Combat


You had 8 spell levels left.
You didn't know any spells.
Your spell library contained the following spells:

 Spells                   Type           Power      Damage    Failure   Level
 Beastly Appendage        Tmut           0%         N/A       52%         1
 Poisonous Vapours        Pois/Air       0%         N/A       67%         2
 Wereblood                Tmut           0%         N/A       67%         2
 Mephitic Cloud           Conj/Pois/Air  0%         N/A       88%         3
 Spider Form              Tmut/Pois      0%         N/A       88%         3
 Freezing Cloud           Conj/Ice/Air   0%         6-21      100%        5


Dungeon Overview and Level Annotations

Branches:
Dungeon (7/15)             Temple (0/1) D:6

Altars:
Hepliaklqana


Innate Abilities, Weirdness & Mutations

You are too large for most types of armour.
You have claws for hands.
Your natural rate of healing is unusually fast.
You are covered in fur. (AC +1)
You have tough skin. (AC +1)


Message History

You feel very sick. The wight hits you with a +0 flail.
* * * LOW HITPOINT WARNING * * *
You feel drained.
The wight hits you with a +4 long sword of freezing.
* * * LOW HITPOINT WARNING * * *
The water moccasin barely misses you. The wight barely misses you.
The wight misses you. The water moccasin barely misses you.
The water moccasin attacks as you move away!
The water moccasin bites you but does no damage.
You feel very sick. The wight misses you. The wight completely misses you.
The water moccasin closely misses you. The wight attacks as you move away!
The wight hits you with a +4 long sword of freezing.
* * * LOW HITPOINT WARNING * * *
You feel drained.
A kobold comes into view. It is wielding a +0 dagger.
You feel sick. The water moccasin bites you.
* * * LOW HITPOINT WARNING * * *
It was a potion of curing.
You feel better.
The water moccasin bites you but does no damage.
The wight hits you with a +4 long sword of freezing!
* * * LOW HITPOINT WARNING * * *
The wight freezes you.
* * * LOW HITPOINT WARNING * * *
The water moccasin bites you.
* * * LOW HITPOINT WARNING * * *
You feel better.
You feel the effects of Trog's Hand fading.
The water moccasin bites you.
* * * LOW HITPOINT WARNING * * *
The wight hits you with a +4 long sword of freezing.
* * * LOW HITPOINT WARNING * * *
You feel drained.
* * * LOW HITPOINT WARNING * * *
The wight freezes you.
* * * LOW HITPOINT WARNING * * *
The water moccasin bites you.
You die...

#.#####..######.######.
#......................
###############.######
#.####### #.......#
#.#####.# #########.#
#.......#z#####
#..@SOg)Og#
....K.#z#.###o# #.###
#.z... ... #.....#.###
...<..##.g #####.## ##
#.# #.#


You could see a water moccasin, 2 ogres, 3 wights, 2 gnolls, an orc and a
kobold.

Vanquished Creatures
  Pikel (D:4)
  Grinder (D:5)
  A wyvern (D:7)
  A water moccasin (D:5)
  Duvessa (D:5)
  A sky beast (D:7)
  2 black bears
  An ogre (D:4)
  2 centaurs
  A lemure (D:4)
  A kobold brigand (D:6)
  2 phantoms
  2 bullfrogs
  Blork the orc (D:4)
  3 scorpions
  8 wights
  Dowan (D:5)
  2 jellies
  Crazy Yiuf (D:2)
  2 orc priests (D:6)
  2 hounds
  A sleepcap (D:5)
  4 iguanas
  6 orc wizards
  Robin (D:2)
  5 gnolls
  7 adders
  A shadow imp (D:7)
  A white imp (D:4)
  An ufetubus (D:4)
  3 worms
  4 dart slugs (D:1)
  12 orcs
  6 ball pythons
  4 endoplasms
  A giant cockroach (D:4)
  14 goblins
  13 hobgoblins
  13 jackals
  5 quokkas
  6 bats
  A frilled lizard (D:2)
  14 kobolds
  8 rats
168 creatures vanquished.

Vanquished Creatures (others)
  A bat (D:1)
1 creature vanquished.

Grand Total: 169 creatures vanquished

Notes
Turn   | Place    | Note
-------+----------+-------------------------------------------
     0 | D:1      | Glitchless the Troll Berserker began the quest for the Orb.
     0 | D:1      | Reached XP level 1. HP: 22/22 MP: 0/0
   139 | D:1      | Reached XP level 2. HP: 29/29 MP: 1/1
   409 | D:1      | Reached XP level 3. HP: 30/36 MP: 2/2
   794 | D:2      | Noticed Robin
   980 | D:2      | Reached ** piety under Trog
   994 | D:2      | Reached XP level 4. HP: 43/44 MP: 3/3
  1114 | D:2      | Found a runed translucent door.
  1115 | D:2      | Noticed Crazy Yiuf
  1177 | D:2      | Found a hazy altar of Hepliaklqana.
  1191 | D:2      | Reached skill level 4 in Unarmed Combat
  1280 | D:2      | Killed Robin
  1323 | D:2      | Reached XP level 5. HP: 53/53 MP: 4/4
  1479 | D:2      | Reached *** piety under Trog
  1714 | D:2      | Killed Crazy Yiuf
  1894 | D:3      | Noticed a black bear
  1908 | D:3      | Killed a black bear
  1909 | D:3      | Reached skill level 5 in Unarmed Combat
  1909 | D:3      | Reached XP level 6. HP: 52/61 MP: 5/5
  2367 | D:4      | Reached skill level 1 in Throwing
  2394 | D:4      | Noticed Pikel
  2412 | D:4      | Killed Pikel
  2413 | D:4      | Reached skill level 1 in Armour
  2413 | D:4      | Reached skill level 7 in Unarmed Combat
  2413 | D:4      | Reached XP level 7. HP: 64/67 MP: 6/6
  2438 | D:4      | Reached XP level 8. HP: 57/76 MP: 7/7
  2576 | D:4      | Noticed Blork the orc
  2591 | D:4      | Killed Blork the orc
  2834 | D:5      | Entered Level 5 of the Dungeon
  3068 | D:5      | Noticed Duvessa
  3068 | D:5      | Noticed Dowan
  3073 | D:5      | Killed Duvessa
  3074 | D:5      | Reached skill level 8 in Unarmed Combat
  3079 | D:5      | Killed Dowan
  3079 | D:5      | Reached **** piety under Trog
  3080 | D:5      | Reached skill level 5 in Dodging
  3241 | D:5      | Noticed Grinder
  3259 | D:5      | Killed Grinder
  3469 | D:6      | Found a staircase to the Ecumenical Temple.
  3483 | D:6      | Reached XP level 9. HP: 82/84 MP: 8/8
  3494 | D:6      | Reached skill level 9 in Unarmed Combat
  4380 | D:7      | Reached skill level 10 in Unarmed Combat
  4527 | D:7      | HP: 4/80 [wight/+4 long sword of freezing (1)]
  4528 | D:7      | HP: 1/79 [wight/+4 long sword of freezing (1)]
  4528 | D:7      | Slain by a water moccasin

Illustrated notes

Levels and vault maps discovered:
D:1:      saegor_arrival_simple_a, layout_basic
D:2:      layout_rooms, basic_altar, grunt_ministairs_3, minmay_misc_feat_room,
          minmay_unequal, uniq_robin, uniq_crazy_yiuf_cottage
D:3:      layout_rooms, item_on_display_b
D:4:      layout_cave_pools, minmay_misc_feat_rows, uniq_blork_the_orc,
          uniq_pikel
D:5:      layout_rooms, uniq_duvessa, uniq_grinder
D:6:      layout_basic, minmay_temple_entry_sparse_star
D:7:      layout_loops_corners, grunt_temple_overflow_open, minmay_ruined_shrine

Skill      XL: |  1  2  3  4  5  6  7  8  9 |
---------------+----------------------------+-----
Dodging        | 3 4 5 |  5.8
Unarmed Combat | 4 5 7 8 10 | 10.5
Fighting       | 3 4 |  4.3
Throwing       | 1 2 3 |  3.4
Armour         | 1 2 3 |  3.0

Action                     |  1- 3 |  4- 6 |  7- 9 || total
---------------------------+-------+-------+-------++-------
  Melee: Unarmed           |    95 |   149 |   216 ||   460
         Punch             |     1 |     1 |     6 ||     8
  Throw: Stone             |       |    13 |       ||    13
 Invoke: Berserk           |       |     3 |     1 ||     4
         Trog's Hand       |       |     1 |     1 ||     2
  Evoke: Wand              |       |       |     1 ||     1
    Use: Potion            |       |       |     3 ||     3
   Stab: Sleeping          |       |     1 |       ||     1
 Armour: Animal skin       |    50 |    38 |    35 ||   123
         Robe              |       |       |    31 ||    31
  Dodge: Dodged            |    76 |    80 |   121 ||   277
